 Dungeon Crawl Stone Soup version 0.26-a0-18-g135ff06667 (webtiles) character file.

Game seed: 14277768510613483402, levelgen mode: deterministic

583 Mrkan the Cudgeler (level 7, -4/44 HPs)
             Began as a Gargoyle Fighter on May 25, 2020.
             Was a Follower of Elyvilon.
             Slain by Pikel
             ... wielding a +2 whip of freezing
              (7 damage)
             ... on level 5 of the Dungeon.
             The game lasted 00:08:27 (3993 turns).

Mrkan the Cudgeler (Gargoyle Fighter)               Turns: 3993, Time: 00:08:28

Health: -4/44      AC: 21    Str: 22    XL:     7   Next: 37%
Magic:  7/7        EV:  4    Int:  8    God:    Elyvilon [*.....]
Gold:   242        SH: 10    Dex:  9    Spells: 6/6 levels left

rFire    . . .     SeeInvis .   a - +0 flail
rCold    . . .     Gourm    .   c - +0 kite shield
rNeg     + . .     Faith    .   w - +0 plate armour
rPois    ∞         Spirit   .   (no helmet)
rElec    +         Reflect  .   r - +0 cloak
rCorr    .         Harm     .   u - +2 pair of gloves
MR       .....                  (no boots)
Stlth    ..........             (no amulet)
HPRegen  0.14/turn              (no ring)
MPRegen  0.10/turn              (no ring)

@: mighty
A: negative energy resistance 1, electricity resistance, unbreathing,
petrification resistance, rot immunity, AC +4
a: Lesser Healing, Divine Protection, Renounce Religion


You were on level 5 of the Dungeon.
You worshipped Elyvilon.
Elyvilon was aware of your devotion.
You were hungry.

You visited 1 branch of the dungeon, and saw 5 of its levels.

You collected 242 gold pieces.

Inventory:

Hand Weapons
 a - a +0 flail (weapon)
Armour
 c - a +0 kite shield (worn)
 r - a +0 cloak (worn)
 u - a +2 pair of gloves (worn)
 w - a +0 plate armour (worn)
Jewellery
 e - an uncursed ring of ice {unknown}
 h - an uncursed amulet of guardian spirit {unknown}
 i - an uncursed ring of protection from magic {unknown}
 o - an uncursed ring of protection from cold {unknown}
Scrolls
 g - 2 scrolls of blinking {unknown}
 j - 3 scrolls of identify {unknown}
 l - a scroll of enchant armour {unknown}
 m - a scroll of random uselessness {unknown}
 n - 2 scrolls of magic mapping {unknown}
 p - 3 scrolls of amnesia {unknown}
 q - a scroll of immolation {unknown}
 s - 3 scrolls of remove curse {unknown}
 t - a scroll of teleportation {unknown}
Potions
 k - 2 potions of curing {unknown}
 v - a potion of experience {unknown}
 x - a potion of degeneration {unknown}
Comestibles
 f - 11 rations


   Skills:
 + Level 4.9 Fighting
 * Level 5.1 Maces & Flails
 + Level 5.0 Armour
 + Level 5.0 Shields


You had 6 spell levels left.
You didn't know any spells.
Your spell library was empty.

Dungeon Overview and Level Annotations

Branches:
Dungeon (5/15)
 Temple: D:4-7

Altars:
Elyvilon

Annotations:
D:5 Pikel


Innate Abilities, Weirdness & Mutations

You are resistant to torment.
Your stone body is resilient. (AC +4)
You are immune to poison.
You resist negative energy. (rN+)
You are resistant to electric shocks. (rElec)
You can survive without breathing.
You are immune to petrification.
You are immune to rotting.


Message History

Pikel is no longer berserk.
The crimson imp blinks!
Pikel hits you but does no damage.
You completely miss Pikel.
Pikel is moderately wounded.
Pikel completely misses you.
You closely miss Pikel.
Pikel is moderately wounded.
Pikel hits you but does no damage.
You closely miss Pikel.
Pikel is moderately wounded.
You barely miss Pikel.
Pikel is moderately wounded.
Pikel hits you but does no damage.
You closely miss Pikel.
Pikel is moderately wounded.
Pikel hits you but does no damage.
You closely miss Pikel.
Pikel is moderately wounded.
Pikel hits you with a +2 whip of freezing!
You die...

... ####..#
##.....p.#.#...#
###...p....#.....#
...........#..... .
...........#.... ..
.....?...#...# # .#
#........##@## .#..#.
#.....K.###K##......
##.....c..#.pp.......
#......(.K.##..#.....
##......((............
###....###..............
###....###
####........... ......##
####........ .....##
#........


You could see Pikel (slow) and 2 slaves.

Vanquished Creatures
  A hippogriff (D:3)
  A slave (D:5)
  An ogre (D:4)
  A centaur (D:5)
  A crimson imp (D:3)
  Crazy Yiuf (D:2)
  An iguana (D:3)
  2 worker ants (D:4)
  3 adders
  A worm (D:2)
  3 dart slugs
  2 leopard geckos
  5 giant cockroaches
  7 goblins
  7 hobgoblins
  6 jackals
  11 kobolds
  A quokka (D:2)
  2 ball pythons
  12 bats
  3 frilled lizards
  10 rats
82 creatures vanquished.

Vanquished Creatures (others)
  A rat (D:3)
1 creature vanquished.

Grand Total: 83 creatures vanquished

Notes
Turn   | Place    | Note
-------+----------+-------------------------------------------
     0 | D:1      | Mrkan the Gargoyle Fighter began the quest for the Orb.
     0 | D:1      | Reached XP level 1. HP: 14/14 MP: 1/1
   155 | D:1      | Reached XP level 2. HP: 12/19 MP: 2/2
   777 | D:1      | Reached XP level 3. HP: 22/23 MP: 3/3
  1639 | D:2      | Reached XP level 4. HP: 25/29 MP: 4/4
  2016 | D:2      | Found a runed translucent door.
  2017 | D:2      | Noticed Crazy Yiuf
  2024 | D:2      | Killed Crazy Yiuf
  2383 | D:3      | Noticed a hippogriff
  2394 | D:3      | Killed a hippogriff
  2394 | D:3      | Reached XP level 5. HP: 24/34 MP: 5/5
  2394 | D:3      | Reached XP level 6. HP: 27/39 MP: 6/6
  3057 | D:3      | Found a white marble altar of Elyvilon.
  3128 | D:3      | Became a worshipper of Elyvilon the Healer
  3529 | D:4      | Reached XP level 7. HP: 39/44 MP: 7/7
  3588 | D:4      | Reached * piety under Elyvilon
  3606 | D:4      | Reached skill level 5 in Maces & Flails
  3883 | D:5      | Entered Level 5 of the Dungeon
  3931 | D:5      | Noticed Pikel
  3966 | D:5      | Reached skill level 5 in Armour
  3966 | D:5      | Reached skill level 5 in Shields
  3984 | D:5      | Elyvilon protects you from harm!
  3984 | D:5      | HP: 2/44 [Pikel/+2 whip of freezing (2)]
  3993 | D:5      | Slain by Pikel

Illustrated notes

Levels and vault maps discovered:
D:1:      sevenhm_arrival_forest_fort_large_2, layout_basic
D:2:      minmay_skewed_foursquare, layout_loops_ring, first_ration,
          uniq_crazy_yiuf_cottage
D:3:      layout_loops_ring, elyvilon_altar_4
D:4:      layout_cave_pools
D:5:      layout_layer_cave, uniq_edmund, uniq_grinder, uniq_pikel

Skill      XL: |  1  2  3  4  5  6  7 |
---------------+----------------------+-----
Maces & Flails | 3 4 5 |  5.1
Shields        | 4 5 |  5.0
Fighting       | 4 |  4.9
Armour         | 4 5 |  5.0

Action                   |  1- 3 |  4- 6 |  7- 9 || total
-------------------------+-------+-------+-------++-------
Melee: Flail             |   139 |   173 |    57 ||   369
Invok: Lesser Healing    |       |       |     1 ||     1
  Use: Potion            |       |     1 |     1 ||     2
  Eat: Chunk             |     3 |     6 |     1 ||    10
Armor: Scale mail        |    83 |    76 |       ||   159
       Plate armour      |       |    19 |    50 ||    69
Dodge: Dodged            |    42 |    50 |     6 ||    98
Block: Kite shield       |   103 |    83 |    21 ||   207

Table legend:
 A = Non-vault XP
 B = Vault XP
 C = Vault XP percentage of total XP
 D = Non-vault monster count
 E = Vault monster count
 F = Vault count percentage of total count
                 A         B        C        D         E       F
            +---------+---------+-------+---------+---------+-------
      Total |     783 |      50 |   6.0 |      74 |       7 |   8.6
            +---------+---------+-------+---------+---------+-------
        D:1 |      63 |       0 |   0.0 |      34 |       0 |   0.0
        D:2 |      44 |      50 |  53.2 |      13 |       7 |  35.0
        D:3 |     356 |       0 |   0.0 |      19 |       0 |   0.0
        D:4 |     210 |       0 |   0.0 |       7 |       0 |   0.0
        D:5 |     110 |       0 |   0.0 |       1 |       0 |   0.0
            +---------+---------+-------+---------+---------+-------
